 Dungeon Crawl Stone Soup version 0.27-a0-909-g0721f309d1 (webtiles) character file.

Game seed: 2535308618477652543

81 lunkers the Magician (level 4, -1/33 HPs)
             Began as a Djinni Earth Elementalist on Apr 8, 2021.
             Slain by Crazy Yiuf
             ... wielding a +2 quarterstaff of chaos
              (4 damage)
             ... on level 2 of the Dungeon.
             The game lasted 00:02:15 (2670 turns).

lunkers the Magician (Djinni Earth Elementalist)    Turns: 2670, Time: 00:02:16

Health: -1/33      AC:  2    Str:  7    XL:     4   Next: 42%
Gold:   64         EV: 12    Int: 18    God:
                   SH:  0    Dex: 13

rFire    + + .     SeeInvis .   f - +1 flail (holy)
rCold    x . .     Faith    .   (no shield)
rNeg     . . .     Spirit   .   c - +0 robe
rPois    ∞         Reflect  .   (no helmet)
rElec    .         Harm     .   (no cloak)
rCorr    .         Rampage  .   (no gloves)
Will     .....                  (boots unavailable)
Stlth    ++........             (no amulet)
HPRegen  0.11/turn              (no ring)
MPRegen  0.00/turn              (no ring)

@: flying, very slightly contaminated
A: fire resistance 2, cold vulnerability 1, float, innate caster, hp casting,
extra vitality 1
a: no special abilities


You were on level 2 of the Dungeon.
You visited 1 branch of the dungeon, and saw 2 of its levels.

You collected 64 gold pieces.

Inventory:

Hand Weapons
 f - a +1 flail of holy wrath (weapon)
Missiles
 b - 40 stones
Armour
 c - a +0 robe (worn)
Scrolls
 d - a scroll of enchant weapon {unknown}
 i - a scroll of torment {unknown}
 l - a scroll of amnesia {unknown}
 m - a scroll of acquirement {unknown}
 n - a scroll of holy word {unknown}
 p - a scroll of magic mapping {unknown}
Potions
 a - a potion of attraction {unknown}
 e - a potion of magic {unknown}
 g - 2 potions of flight {unknown}
 h - a potion of lignification {unknown}
 j - a potion of curing {unknown}
 k - 2 potions of heal wounds {unknown}
 o - a potion of invisibility {unknown}


   Skills:
 + Level 2.0 Fighting
 - Level 2.1 Dodging
 - Level 1.5 Stealth
 * Level 3.9 Spellcasting


You couldn't memorise any spells.
You knew the following spells:

 Your Spells              Type           Power      Damage    Failure   Level
a - Stone Arrow           Conj/Erth      34%        3d9       9%          3
b - Passwall              Tmut/Erth      14%        N/A       4%          2
c - Sandblast             Erth           34%        2d9       3%          1
d - Petrify               Tmut/Erth      17%        N/A       30%         4
e - Lee's Rapid Deconstr  Erth           8%         3d8*      63%         5
f - Animate Skeleton      Necr           34%        N/A       3%          1
Your spell library was empty.

Dungeon Overview and Level Annotations

Branches:
Dungeon (2/15)

Altars:

Annotations:
D:2 Crazy Yiuf


Innate Abilities, Weirdness & Mutations

You are immune to poison.
Your flesh is very heat resistant. (rF++)
You are vulnerable to cold. (rC-)
You float through the air rather than walking.
You learn spells naturally, not from books.
Your magical power is your life essence.
You have superior vitality. (+4 HP)


Message History

Aiming: Sandblast (safe; 3% risk of failure)
Press: ? - help, Shift-Dir - straight line, f - Crazy Yiuf
Aim: Crazy Yiuf, wielding a +2 quarterstaff of chaos and wearing a +0 cloak (18% to evade)
The blast of sand hits Crazy Yiuf.
Crazy Yiuf is moderately wounded.
Unknown command.
Casting: Sandblast (safe; 3% risk of failure)
Confirm with . or Enter, or press ? or * to list all spells.
Aiming: Sandblast (safe; 3% risk of failure)
Press: ? - help, Shift-Dir - straight line, f/p - Crazy Yiuf
Aim: Crazy Yiuf, wielding a +2 quarterstaff of chaos and wearing a +0 cloak (moderately wounded, 18% to evade)
The blast of sand hits Crazy Yiuf.
Crazy Yiuf is heavily wounded.
Crazy Yiuf cries, "Lay!"
Crazy Yiuf misses you.
Unknown command.
Unknown command.
Casting: Sandblast (safe; 3% risk of failure)
Confirm with . or Enter, or press ? or * to list all spells.
Aiming: Sandblast (safe; 3% risk of failure)
Press: ? - help, Shift-Dir - straight line, f/p - Crazy Yiuf
Aim: Crazy Yiuf, wielding a +2 quarterstaff of chaos and wearing a +0 cloak (heavily wounded, 18% to evade)
You miscast Sandblast.
You are very lightly contaminated with residual magic.
Nothing appears to happen.
Crazy Yiuf hits you with a +2 quarterstaff of chaos!!
Ouch! That really hurt!
* * * LOW HITPOINT WARNING * * *
Casting: Sandblast (safe; 3% risk of failure)
Confirm with . or Enter, or press ? or * to list all spells.
Aiming: Sandblast (safe; 3% risk of failure)
Press: ? - help, Shift-Dir - straight line, f/p - Crazy Yiuf
Aim: Crazy Yiuf, wielding a +2 quarterstaff of chaos and wearing a +0 cloak (heavily wounded, 18% to evade)
The blast of sand hits Crazy Yiuf.
Crazy Yiuf is almost dead.
* * * LOW HITPOINT WARNING * * *
Crazy Yiuf hits you with a +2 quarterstaff of chaos!
* * * LOW HITPOINT WARNING * * *
Crazy Yiuf freezes you.
You die...

........#
.######.# .# #.#
.## #.# ..# #.#
..## ##.##
♣♣♣♣♣###
...###...# ###
♣♣♣.♣.P#.##
..#.##..##
#...#♣..♣......##
...###...#
#...g@♣♣♣♣PP....#
..###....#
#)..#♣♣ ♣♣P#...#
..###....# ###
♣♣###.#
.........# #..#
..####...# #.##
..# #.#.# ### #.#
.## #.#.#
#.###### ##.# .#
#.#.# #......#
#..# .#####.#.#
#.####.#####.##


You could see Crazy Yiuf.

Vanquished Creatures
  Jessica (D:2)
  An adder (D:2)
  4 dart slugs
  A bat (D:2)
  2 endoplasms (D:1)
  A giant cockroach (D:1)
  4 goblins
  A hobgoblin (D:1)
  4 jackals (D:2)
  4 quokkas
  4 ball pythons
  A frilled lizard (D:1)
  5 kobolds
  2 rats (D:1)
35 creatures vanquished.

Vanquished Creatures (others)
  A fungus (D:2)
1 creature vanquished.

Grand Total: 36 creatures vanquished

Notes
Turn   | Place    | Note
-------+----------+-------------------------------------------
     0 | D:1      | lunkers the Djinni Earth Elementalist began the quest for
                  | the Orb.
     0 | D:1      | Reached XP level 1. HP: 15/15 MP: 0/0
     2 | D:1      | Noticed an ogre
     2 | D:1      | Noticed a ghoul
     4 | D:1      | Noticed a barachi
     4 | D:1      | Noticed a demonspawn
     6 | D:1      | Noticed a naga
     6 | D:1      | Noticed a formicid
     8 | D:1      | Noticed a vampire
     8 | D:1      | Noticed a felid
    10 | D:1      | Noticed a spriggan
    10 | D:1      | Noticed a gargoyle
    12 | D:1      | Noticed a draconian
    12 | D:1      | Noticed a merfolk
    14 | D:1      | Noticed a minotaur
    18 | D:1      | Noticed a centaur
    18 | D:1      | Noticed a human
    20 | D:1      | Noticed an elf
    20 | D:1      | Noticed an octopode
    22 | D:1      | Noticed a tengu
    22 | D:1      | Noticed a demigod
    24 | D:1      | Noticed a dwarf
    24 | D:1      | Noticed a vine stalker
    26 | D:1      | Noticed a palentonga
    26 | D:1      | Noticed a troll
    92 | D:1      | Found a faded altar of an unknown god.
   443 | D:1      | Reached skill level 3 in Spellcasting
   443 | D:1      | Reached XP level 2. HP: 21/22 MP: 0/0
   507 | D:1      | You are sucked into a shaft and drop 1 floor!
   549 | D:2      | Reached skill level 1 in Fighting
   588 | D:1      | Reached XP level 3. HP: 25/27 MP: 0/0
   588 | D:1      | Learned a level 1 spell: Animate Skeleton
  1494 | D:2      | Noticed Jessica
  1504 | D:2      | Killed Jessica
  1505 | D:2      | Reached XP level 4. HP: 11/33 MP: 0/0
  2662 | D:2      | Found a runed translucent door.
  2663 | D:2      | Noticed Crazy Yiuf
  2670 | D:2      | Slain by Crazy Yiuf

Illustrated notes

Levels and vault maps discovered:
D:1:      kb_arrival_jail, layout_loops_ring,
          shapermc_ecumenical_altar_totnotflames, grunt_decor_one_mirror,
          hangedman_abyss_or_decor_stabs, minmay_tromino_v4_c
D:2:      layout_loops_ring, minivault_25, uniq_crazy_yiuf_cottage, uniq_jessica

Skill      XL: |  1  2  3  4 |
---------------+-------------+-----
Spellcasting   | 3 |  3.9
Fighting       | 1 2 |  2.0
Dodging        | |  2.1
Stealth        | |  1.5

Action                   |  1- 3 |  4- 6 || total
-------------------------+-------+-------++-------
Melee: Flail             |     7 |    23 ||    30
 Cast: Sandblast         |    39 |     4 ||    43
       Stone Arrow       |       |     6 ||     6
Armor: Robe              |     2 |     4 ||     6
Dodge: Dodged            |    15 |    25 ||    40

Table legend: (Time is in decaauts)
 A = Elapsed time spent in this place.
 B = Non-inter-level travel time spent in this place.
 C = Inter-level travel time spent in this place.
 D = Time resting spent in this place.
 E = Time spent auto-exploring this place.
 F = Levels seen in this place.
 G = Mean time per level.
                   A        B        C        D        E       F      G
               +--------+--------+--------+--------+--------+-----+--------+
         Total |   2682 |   2646 |     36 |     16 |   2370 |   2 | 1341.0 |
       Dungeon |   2682 |   2646 |     36 |     16 |   2370 |   2 | 1341.0 |
               +--------+--------+--------+--------+--------+-----+--------+

Top non-repeatable levels by time:
     D:1: 1368 daAuts
     D:2: 1313 daAuts
